Cogmind - Beta 11 X5 @@@ ROGUE MODE // 2021.06.16 @ 15:12:31 Player: Exp. Geonium Core Result: Destroyed by S-27 Virus with Autogun Performance ------------- Evolutions (4) 2000 Regions Visited (5) 1000 Robots Destroyed (28) 140 Value Destroyed (531) 531 Prototype IDs (2) 40 Alien Tech Used (0) 0 Bonus (52) 52 TOTAL SCORE: 3763 Bonus ------- High Alert Combat Kills 52 Cogmind --------- Core Integrity 0/850 Matter 279/300 Energy 100/100 System Corruption 0% Temperature Cool (0) Movement Core (50) Location -6/Factory Parts ------- > --- POWER (1) -------- (None) > --- PROPULSION (6) --- (None) > --- UTILITY (6) ------ Improved Propulsion Shielding > --- WEAPON (2) ------- (None) > --- INVENTORY (5) ---- Improved Melee Analysis Suite Transmission Jammer Hardened Light Armor Plating Improved Medium Armor Plating Peak State ------------ > --- POWER ------------ Micro Nuclear Core > --- PROPULSION ------- Flight Unit Cesium-ion Thruster Cesium-ion Thruster > --- UTILITY ---------- Weight Redist. System Transmission Jammer Improved Propulsion Shielding Hacking Suite > --- WEAPON ----------- Greatsword > --- INVENTORY -------- Deuterium Engine Hardened Light Armor Plating Improved Medium Armor Plating Grenade Launcher Maul [Rating: 31] Favorites ----------- Power Micro Nuclear Core Engine Light Ion Engine Power Core Micro Nuclear Core Propulsion Flight Unit Treads Light Treads Flight Unit Flight Unit Utility Improved Propulsion Shielding Device Weight Redist. System Storage Huge Storage Unit Processor Transport Network Coupler Hackware Hacking Suite Protection Improved Propulsion Shielding Weapon Heavy Mace Energy Gun Medium Laser Ballistic Gun Light Assault Rifle Launcher Grenade Launcher Impact Weapon Heavy Mace Slashing Weapon Greatsword Build | -11 -10 -9 -8 -7 -6 ------- Run | Scr Mat Mat Mat Fac Fac Slots Evolved 8 | . . 2 2 2 2 Power . | . . . . . . Propulsion 4 | . . 2 1 1 . Utility 4 | . . . 1 1 2 Weapon . | . . . . . . Parts Attached 42 | 3 8 2 11 17 1 Power 6 | . 1 . 1 4 . Engine 4 | . 1 . 1 2 . Core 2 | . . . . 2 . Reactor . | . . . . . . Propulsion 8 | 2 2 2 1 1 . Treads 2 | 2 . . . . . Leg . | . . . . . . Wheel . | . . . . . . Hover . | . . . . . . Flight 6 | . 2 2 1 1 . Utility 14 | . 4 . 3 7 . Device 5 | . 2 . 1 2 . Storage 1 | . 1 . . . . Processor 1 | . . . . 1 . Hackware 1 | . . . . 1 . Protection 6 | . 1 . 2 3 . Artifact . | . . . . . . Weapon 14 | 1 1 . 6 5 1 Energy Gun 5 | 1 . . 4 . . Energy Cannon . | . . . . . . Ballistic Gun 2 | . 1 . . . 1 Ballistic Cannon . | . . . . . . Launcher 1 | . . . 1 . . Special Weapon . | . . . . . . Impact Weapon 5 | . . . 1 4 . Slashing Weapon 1 | . . . . 1 . Piercing Weapon . | . . . . . . Special Melee Weapon . | . . . . . . Unidentified Prototypes 2 | . . . 1 1 . Parts Lost 18 | . . . 1 16 1 Power 3 | . . . 1 2 . Propulsion 6 | . . . . 6 . Utility 6 | . . . . 6 . Weapon 3 | . . . . 2 1 Highest Loss Streak 6 | . . . 1 6 1 Average Slot Usage (%) 60 | . 62 88 81 58 6 Engine 4 | . 8 11 6 1 . Core 2 | . . . . 4 . Treads 1 | . 9 . . . . Flight 21 | . 16 44 36 19 . Device 7 | . 4 11 9 7 . Hackware 1 | . . . . 4 . Protection 10 | . 6 11 17 8 6 Energy Gun 2 | . 7 . 4 . . Ballistic Gun 2 | . 7 11 . . . Impact Weapon 4 | . . . 6 6 . Slashing Weapon 1 | . . . . 2 . Naked Turns . | . . . . . . Heaviest Build 18 | 2 8 8 17 18 2 Greatest Support 40 | 40 8 16 22 23 3 Greatest Overweight (x) 1 | . . . . 1 . Average Overweight (x) . | . . . . . . Largest Inventory Capacity 25 | 5 25 5 5 5 5 Average Capacity 5 | 5 5 5 5 5 5 Most Carried 5 | 1 5 5 5 5 4 Average Carried 3 | . 2 4 4 4 4 Final Capacity 5 | 5 5 5 5 5 5 Final Carried 5 | 1 5 5 5 4 4 Class Distribution -------------------- 41% | Mutant 31% | Scavenger-Sprinter 15% | Sprinter 11% | Scavenger-Mutant Dominant Class ---------------- Scavenger-Mutant | -10/Materials Scavenger-Sprinter | -9/Materials Scavenger-Sprinter | -8/Materials Mutant | -7/Factory Mutant | -6/Factory Resources | -11 -10 -9 -8 -7 -6 ----------- Run | Scr Mat Mat Mat Fac Fac Matter Collected 580 | 104 192 . 145 139 . Remotely . | . . . . . . Salvage Created 766 | . 51 . 244 471 . Parts 44 | . 9 . 16 19 . Haulers Intercepted 4 | . . . 2 2 . Recyclers Shooed 1 | . 1 . . . . Parts Field Recycled . | . . . . . . Retrieved Matter . | . . . . . . Parts Self-Destructed . | . . . . . . Prevented . | . . . . . . Kills | -11 -10 -9 -8 -7 -6 ------- Run | Scr Mat Mat Mat Fac Fac Combat Hostiles Destroyed 15 | . 3 . 5 7 . Melee 4 | . . . 1 3 . Guns 4 | . 3 . 1 . . AOE 2 | . . . 2 . . Classes Destroyed 8 | . 1 . 5 2 . Worker 4 | . . . 2 2 . Builder 2 | . . . 1 1 . Hauler 4 | . . . 2 2 . Watcher 3 | . . . 1 2 . Swarmer 11 | . 3 . 4 4 . Grunt 1 | . . . . 1 . Sentry 2 | . . . 1 1 . Programmer 1 | . . . . 1 . Best Kill Streak 6 | . 3 . 6 3 . Combat Bots Only 3 | . 3 . 3 3 . Max Kills in Single Turn 4 | . 1 . 4 1 . Gunslinging . | . . . . . . Exploded 2 | . . . 2 . . Melee 1 | . . . 1 1 . Uniques/NPCs Destroyed . | . . . . . . Combat | -11 -10 -9 -8 -7 -6 -------- Run | Scr Mat Mat Mat Fac Fac Damage Taken 2682 | . 40 12 441 1241 948 Core 1581 | . 10 . 79 641 851 Absorbed by Shields . | . . . . . . Core Remaining (%) 77 | 100 96 100 85 8 . Volleys Fired 11 | . 5 . 2 . 4 Largest 2 | . 2 . 2 . 1 Hottest 110 | . 70 . 110 . 23 Shots Fired 14 | . 6 . 4 . 4 Gun 13 | . 6 . 3 . 4 Cannon . | . . . . . . Launcher 1 | . . . 1 . . Special . | . . . . . . Kinetic 5 | . 1 . . . 4 Thermal 8 | . 5 . 3 . . Explosive 1 | . . . 1 . . Electromagnetic . | . . . . . . Robot Hit Streak 8 | . 4 . 4 . 8 Robot Miss Streak 1 | . 1 . . . . Penetration Max . | . . . . . . Secondary Targets . | . . . . . . Shots Hit Robots 67 | . 5 . 21 37 4 Core Hits 26 | . 4 . 11 10 1 Critical Kills . | . . . . . . Critical Parts Destroyed 2 | . . . 2 . . Critical Strikes 3 | . . . 2 1 . Smash 2 | . . . 2 . . Sever 1 | . . . . 1 . Melee Attacks 78 | . . . 21 57 . Impact 64 | . . . 21 43 . Slashing 14 | . . . . 14 . Piercing . | . . . . . . Sneak Attacks 7 | . . . 2 5 . Combat Hostiles . | . . . . . . Follow-up Attacks 2 | . . . . 2 . Damage Inflicted 2930 | . 57 . 1167 1653 53 Guns 148 | . 57 . 38 . 53 Cannons . | . . . . . . Explosions 520 | . . . 520 . . Melee 2259 | . . . 609 1650 . Ramming 3 | . . . . 3 . Kinetic 59 | . 6 . . . 53 Thermal 455 | . 51 . 404 . . Explosive 154 | . . . 154 . . Electromagnetic . | . . . . . . Impact 1458 | . . . 609 849 . Slashing 801 | . . . . 801 . Piercing . | . . . . . . Highest Corruption 3 | . . . . 3 . Average Corruption 2 | . . . . 2 . Corruption Purged . | . . . . . . Effects 2 | . . . . 2 . Matter Fused 1 | . . . . 1 . Data Loss (minor) 1 | . . . . 1 . Overload Shots . | . . . . . . Overflow Damage 432 | . . . 133 299 . Projectiles . | . . . . . . Explosions 71 | . . . 71 . . Melee 361 | . . . 62 299 . Knockbacks 3 | . . . . 3 . Impact 3 | . . . . 3 . Kinetic . | . . . . . . Secondary . | . . . . . . Self-Inflicted Damage 19 | . . . 18 1 . Shots 1 | . . . 1 . . Rammed 2 | . . . . 2 . Targets Rammed 2 | . . . . 2 . Kicked . | . . . . . . Crushed . | . . . . . . Highest Temperature 67 | . 38 . 67 . . Average Temperature 28 | . 20 . 28 . . Received Heat Transfer 285 | . 12 . 108 147 18 Siege Activations . | . . . . . . Robots Corrupted . | . . . . . . Combat Hostiles . | . . . . . . Parts Fried 8 | . . . 2 6 . Impact Corruptions 15 | . . . 6 9 . Robots Melted . | . . . . . . Combat Hostiles . | . . . . . . Parts Melted . | . . . . . . Heat Transferred 472 | . 148 . 324 . . Parts Sabotaged . | . . . . . . Parts Stolen . | . . . . . . Parts Stripped . | . . . . . . Power Chain Reactions . | . . . . . . Missiles Intercepted . | . . . . . . Alert | -11 -10 -9 -8 -7 -6 ------- Run | Scr Mat Mat Mat Fac Fac Peak Influence 644 | . 114 93 644 557 256 Initial 292 | . . 48 39 292 188 Average 296 | . 84 83 384 403 230 Maximum Alert Level 2 | . . . 2 2 1 Low Security (%) 30 | 100 100 100 17 . 6 Level 1 35 | . . . 15 56 93 Level 2 33 | . . . 66 43 . Level 3 . | . . . . . . Level 4 . | . . . . . . Level 5 . | . . . . . . High Security . | . . . . . . Max Security . | . . . . . . Squads Dispatched 5 | . 1 . 3 1 . Investigation . | . . . . . . Extermination . | . . . . . . Reinforcement 5 | . 1 . 3 1 . Assault . | . . . . . . Garrison . | . . . . . . Intercept . | . . . . . . Construction Impeded 1 | . . . 1 . . Haulers Reinforced . | . . . . . . Cargo Convoy Interrupts . | . . . . . . Stealth | -11 -10 -9 -8 -7 -6 --------- Run | Scr Mat Mat Mat Fac Fac Distress Signals 4 | . 2 1 1 . . Communications Jammed . | . . . . . . Distress Signals . | . . . . . . Times Spotted 67 | . 8 3 29 21 6 Peak Tracking Total 11 | . 4 3 11 6 7 Tactical Retreats 10 | . 2 . 4 3 1 Traps | -11 -10 -9 -8 -7 -6 ------- Run | Scr Mat Mat Mat Fac Fac Traps Triggered . | . . . . . . Indirectly . | . . . . . . Trap Hack Attempts . | . . . . . . Triggered . | . . . . . . Disarmed . | . . . . . . Reprogrammed . | . . . . . . Reused . | . . . . . . Traps Extracted . | . . . . . . Installed . | . . . . . . Triggered . | . . . . . . Machines | -11 -10 -9 -8 -7 -6 ---------- Run | Scr Mat Mat Mat Fac Fac Machines Disabled 5 | . . . 5 . . Max in Single Turn 4 | . . . 4 . . Garrison Access 1 | . . . . . 1 Machines Sabotaged . | . . . . . . Garrisons Compromised . | . . . . . . Overloaded Fab Kills . | . . . . . . Fab Network Shutdowns . | . . . . . . Hacking | -11 -10 -9 -8 -7 -6 --------- Run | Scr Mat Mat Mat Fac Fac Machines Accessed 14 | . 3 . 2 5 4 Terminals 12 | . 3 . 2 4 3 Fabricators 1 | . . . . 1 . Repair Stations . | . . . . . . Recycling Units . | . . . . . . Scanalyzers . | . . . . . . Garrison Access 1 | . . . . . 1 Total Hacks 40 | . 10 . 5 11 14 Successful 18 | . 4 . . 6 8 Failed 22 | . 6 . 5 5 6 Catastrophic 5 | . 3 . . 1 1 Database Lockouts . | . . . . . . Manual 32 | . 10 . 2 7 13 Terminals 37 | . 10 . 5 9 13 Fabricators 2 | . . . . 2 . Repair Stations . | . . . . . . Recycling Units . | . . . . . . Scanalyzers . | . . . . . . Garrison Access 1 | . . . . . 1 Terminal Hacks 10 | . 4 . . 2 4 Part Schematic 5 | . 3 . . 1 1 Branch Access Points 1 | . 1 . . . . Terminal Index 2 | . . . . 1 1 Security Status 1 | . . . . . 1 Garrison Status 1 | . . . . . 1 Fabricator Hacks 2 | . . . . 2 . Load Schematic 1 | . . . . 1 . Build 1 | . . . . 1 . Repair Station Hacks . | . . . . . . Recycling Unit Hacks . | . . . . . . Scanalyzer . | . . . . . . Garrison Access Hacks 1 | . . . . . 1 Seal Access 1 | . . . . . 1 Unauthorized Hacks 5 | . . . . 2 3 Terminals 5 | . . . . 2 3 Botnet 4 | . . . . 2 2 Operators 1 | . . . . . 1 Fabricators . | . . . . . . Repair Stations . | . . . . . . Recycling Units . | . . . . . . Scanalyzers . | . . . . . . Garrison Access . | . . . . . . Data Cores Recovered . | . . . . . . Used . | . . . . . . Hacking Detections 13 | . 3 . 2 5 3 Full Trace Events . | . . . . . . Feedback Events . | . . . . . . Feedback Blocked . | . . . . . . Robot Schematics Acquired . | . . . . . . Robots Built . | . . . . . . Matter . | . . . . . . Time . | . . . . . . Total Robot Build Rating . | . . . . . . Part Schematics Acquired 5 | . 3 . . 1 1 Parts Built 3 | . . . . 3 . Matter 102 | . . . . 102 . Time 51 | . . . . 51 . Total Part Build Rating 3 | . . . . 3 . Parts Repaired . | . . . . . . Time . | . . . . . . Parts Recycled . | . . . . . . Recycled Matter . | . . . . . . Retrieved Matter . | . . . . . . Retrieved Components . | . . . . . . Parts Scanalyzed . | . . . . . . Part Schematics Acquired . | . . . . . . Parts Damaged . | . . . . . . Bothacking | -11 -10 -9 -8 -7 -6 ------------ Run | Scr Mat Mat Mat Fac Fac Used RIF Installer . | . . . . . . Robots Hacked . | . . . . . . Non-combat . | . . . . . . Combat . | . . . . . . Robot Hacks Applied . | . . . . . . Relay Couplers Released . | . . . . . . Robots Rewired . | . . . . . . Allies Hacked . | . . . . . . Hacks Repelled . | . . . . . . Allies | -11 -10 -9 -8 -7 -6 -------- Run | Scr Mat Mat Mat Fac Fac Total Allies . | . . . . . . Largest Group . | . . . . . . Highest-Rated Group . | . . . . . . Highest-Rated Ally . | . . . . . . Total Orders . | . . . . . . Ally Attacks . | . . . . . . Total Damage . | . . . . . . Kills . | . . . . . . Allies Corrupted . | . . . . . . Allies Melted . | . . . . . . Intel | -11 -10 -9 -8 -7 -6 ------- Run | Scr Mat Mat Mat Fac Fac Robot Analysis Total . | . . . . . . Derelict Logs Recovered . | . . . . . . Drone Launches . | . . . . . . Drone Recoveries . | . . . . . . Exploration | -11 -10 -9 -8 -7 -6 ------------- Run | Scr Mat Mat Mat Fac Fac Turns Passed 1159 | 57 193 57 251 505 96 Spaces Moved 2004 | 34 358 157 462 875 118 Core 252 | 2 94 . . 38 118 Treads 32 | 32 . . . . . Legs . | . . . . . . Wheels . | . . . . . . Hover . | . . . . . . Flight 1720 | . 264 157 462 837 . Fastest Speed 27 | 50 37 31 27 27 50 Average Speed 36 | 153 40 31 30 32 50 Slowest Speed 160 | 160 50 31 34 100 50 Overloaded Moves . | . . . . . . Propulsion Burnouts . | . . . . . . Robots Hopped 5 | . 1 1 3 . . Cave-ins Triggered . | . . . . . . Exploration Rate (%) 27 | 3 51 20 59 26 6 Regions Visited 5 Branch Regions . Pre-discovered Areas . | . . . . . . Known Exits Taken . | . . . . . . Unknown Exits Taken 5 | 1 1 1 1 1 . Scrap Searched . | . . . . . . Spaces Dug 4 | . . . 1 3 . Terrain Destroyed 32 | . . . 29 3 . Melee 4 | . . . 1 3 . Projectile . | . . . . . . AOE 28 | . . . 28 . . Terrain Rammed . | . . . . . . Walls Destroyed . | . . . . . . Machines Disabled . | . . . . . . Actions | -11 -10 -9 -8 -7 -6 --------- Run | Scr Mat Mat Mat Fac Fac Total 2254 | 37 398 163 520 985 151 Wait 90 | . 17 4 22 19 28 Move 1989 | 33 355 154 455 874 118 Hop 5 | . 1 1 3 . . Pick Up 13 | 1 5 2 1 4 . Fast Attach 29 | 3 8 . 6 11 1 Attach 9 | . . 2 1 6 . Detach 6 | . 1 . . 5 . Swap 4 | . . . 4 . . Drop 20 | . 6 . 5 9 . Fire 11 | . 5 . 2 . 4 Melee 76 | . . . 21 55 . Ram 2 | . . . . 2 . Kick . | . . . . . . Crush . | . . . . . . Escape Stasis . | . . . . . . Rewire . | . . . . . . Trap . | . . . . . . Miscellaneous . | . . . . . . Route ------- -11/Scrapyard -10/Materials (discovered 2 exits: [*Mat] / Min) -9/Materials -8/Materials -7/Factory (discovered 4 exits: *Fac x3 / [*Sto]) -6/Factory History --------- Turn | Location | Event 7 | -11/Scrapyard | Discovered new exit (range 14) 58 | -11/Scrapyard | Entered Materials 223 | -10/Materials | Identified exit to Mines 249 | -10/Materials | Discovered new exit (range 6) 251 | -10/Materials | Entered another Materials area 251 | -9/Materials | Evolved 2 slots: Propulsion x2 277 | -9/Materials | Discovered new exit (range 16) 308 | -9/Materials | Entered another Materials area 308 | -8/Materials | Evolved 2 slots: Propulsion x1, Utility x1 558 | -8/Materials | Discovered new exit (range 6) 559 | -8/Materials | Entered Factory 559 | -7/Factory | Evolved 2 slots: Propulsion x1, Utility x1 695 | -7/Factory | Lost 6 parts (3n3u) 710 | -7/Factory | Discovered new exit (range 14) 739 | -7/Factory | Discovered new exit (range 14) 744 | -7/Factory | Fabricated Mining Claw? 840 | -7/Factory | Discovered new exit (range 3) 916 | -7/Factory | Lost 4 parts (1p1n1u1w) 985 | -7/Factory | Discovered new exit (range 12) 1040 | -7/Factory | Core integrity fell below 50% 1062 | -7/Factory | Core integrity fell below 20% 1064 | -7/Factory | Entered another Factory area 1064 | -6/Factory | Evolved 2 slots: Utility x2 1076 | -6/Factory | Lost 6 parts (1p2n2u1w) 1135 | -6/Factory | Core integrity fell below 50% 1149 | -6/Factory | Core integrity fell below 20% 1160 | -6/Factory | Destroyed by S-27 Virus with Autogun Last Messages --------------- Downloaded coordinate data. >>Enumerate(Garrison) Retrieving latest reported positions... No active garrison squads found. >>Schematic(Greatsword) Downloading schematic... Greatsword Rating: 4 Schematic downloaded. 01118_ S-27 Virus destroyed. 01119_ K-01 Serf collects debris. 01120_ Acquired Autogun. 01123_ K-01 Serf collects debris. 01127_ Autogun destroyed. 01130_ K-01 Serf collects debris. 01131_ K-01 Serf cleans the Power Conduit. 01134_ K-01 Serf collects debris. 01136_ K-01 Serf cleans the Power Conduit. 01137_ K-01 Serf cleans the Subcomponent Replicator. 01148_ K-01 Serf cleans the Power Conduit. Map ----- +----------------------------------------------------+ | ?????????????????????????????????????????????????? | | ?????????????????????????????????????????????????? | | ?????????????????????????????????????????????????? | | ?????????????????????????????????????????????????? | | ?????????????????????????????????????????????????? | | ?????????????????????????????????????????????????? | | ?????????????????????????????????????????????????? | | ?????????????????????????????????????????????????? | | ?????????????????????????????????????" ??????????? | | ????????????????????????????????????? ########## | | ?????????????????????????????????????" | | ???????????????????????????? ??????" | | ???????????????????????????? "?????" " | | ???????????????????????????? ?????" """ " | | ???????????????????????????# ????"" """ | | ???????????????????????????# ^???? """ | | ???????????????????????????# """?""" | | ???????????????????????????# """ """ """ """ | | ???????????????????????????# """ """ """ """ | | ???????????????????????????# "" "" """ """ | | ???????????????????????????# "" "" | | ???????????????????????????# | | ??????????????????????????## """ """ ### | | ???????????????????????????T """ """ ^ # | | ??????????????############## """ """ """ + | | ??????????????# @s# "" "" G" # | | ??????????????# " " " " " s "" "" """ # | | ????????????????? " " " " # R # | | ????????????????? " " " " # # | | ????????????????? " " " " # u#####""T""# ### | | ??????????????????" " " " # #???#"""""# #?# | | ??????????????????? " " " # #???####### #?### | | ??????????????????? " " " k# ###########+##??? | | ??????????????????? " " " # # #??? | | ????????????????????" " "s # # = ! #??? | | ???????????????????? # # ##?? | | ?????????????????????? k # # #?? | | ???????????????????#####+### # """ ##?? | | ??????????????? # """ #??? | | ??????????????? + """ #??? | | ??????????????? # == #??? | | ???????????????? # """ = #??? | | ???????????????? # """ #??? | | ?????????????????#### ######## """ "T" #??? | | ????????????????????# ???????# """ #??? | | ????????????????????# ???????##############??? | | ????????????????????# ????????????????????????? | | ????????????????????# ????????????????????????? | | ????????????????????# ?????????????????????????? | | ????????????????????# ??????????????????????????? | +----------------------------------------------------+ Best States ------------- Heat Dissipation 37 Energy Generation 15 Energy Capacity 275 Matter Stores 300 Matter Capacity 300 Sight Range 16 Terrain Scan Density 10 Jamming Range 8 Additional Mass Support 6 Armor Coverage 150 Propulsion Shielding 66 Utility Shielding 66 Evasion (%) 64 Recoil Reduction 2 Offensive Hacking 10 Item Schematics ----------------- Med. Storage Unit | -10/Materials | Hacked Sml. Storage Unit | -10/Materials | Hacked Mining Claw | -10/Materials | Hacked Hacking Suite | -7/Factory | Hacked Greatsword | -6/Factory | Hacked Robot Schematics ------------------ None Fabricated ------------ Mining Claw | x3 | -7/Factory Alien Tech Used ----------------- None Achievements -------------- None Challenges ------------ None Game ------ Seed PulseAlertCapacitor Manual? 0 Play Time 00:38:32 Cumulative 124.1 hours Start 2021.06.16 @ 14:23:36 End 2021.06.16 @ 15:12:31 Sessions 1 Manual Loads 0 Difficulty Rogue Special Mode None Game No. 180 Rogue 180 Adventurer 0 Explorer 0 Win Type - Total 5 Types 4/0/0/1/0/0/0/0/0 Lore% 48 Gallery% 71 Achievement% 58 Wizard Run 0 Options --------- ASCII 0 Keyboard 0 Movement Numpad Keybinds 0 Fullscreen 1 Font 18/Terminus Map View 76x50 Tactical HUD 1 Map Filters NONE Filters NONE Steam 1 RUN: 610b259f-515b-4819-b7be-42ff15851c31